 Dungeon Crawl Stone Soup version 0.19-a0-981-gaae9137 (webtiles) character file.

77 mistymad the Poker (level 4, -1/34 HPs)
             Began as a Merfolk Gladiator on July 15, 2016.
             Killed by divine providence
             ... invoked by an orc priest
              (11 damage)
             ... on level 3 of the Dungeon.
             The game lasted 00:03:11 (1607 turns).

mistymad the Poker (Merfolk Gladiator)              Turns: 1607, Time: 00:03:12

Health: -1/34      AC:  5    Str: 15    XL:     4   Next: 33%
Magic:  4/4        EV: 14    Int:  7    God:
Gold:   97         SH:  0    Dex: 15    Spells: 0 memorised, 3 levels left

rFire  . . .     SeeInvis .     a - +0 trident
rCold  . . .     Gourm    .     b - +0 leather armour
rNeg   . . .     Faith    .     (no shield)
rPois  .         Spirit   .     c - +0 helmet
rElec  .         Dismiss  .     (no cloak)
rCorr  .         Reflect  .     h - +0 pair of gloves
SustAt .         Harm     .     (no boots)
MR     .....                    (no amulet)
Stlth  ++........               (no ring)
                                w - ring of stealth

@: not resistant to hostile enchantments, unstealthy
A: change form in water, swift swim
a: no special abilities


You were on level 3 of the Dungeon.
You were very hungry.

You visited 1 branch of the dungeon, and saw 3 of its levels.

You collected 97 gold pieces.

Inventory:

Hand Weapons
 a - a +0 trident (weapon)
Missiles
 d - 3 throwing nets (quivered)
Armour
 b - a +0 leather armour (worn)
 c - a +0 helmet (worn)
 h - a +0 pair of gloves (worn)
Jewellery
 p - an uncursed ring of ice
 w - a ring of stealth (left hand)
Scrolls
 e - a scroll of noise {unknown}
 g - 6 scrolls of teleportation
 r - a scroll of enchant armour {unknown}
 x - a scroll of identify
Potions
 i - 2 potions of cure mutation
 j - a potion of might {unknown}
 l - 4 potions of curing {unknown}
 m - a potion of heal wounds {unknown}
 n - a potion of brilliance {unknown}
 o - a potion of resistance {unknown}
 q - a potion of invisibility {unknown}
 s - a potion of degeneration {unknown}
 t - a potion of magic {unknown}
 u - 2 potions of agility {unknown}
Comestibles
 f - 2 bread rations
 k - 5 fruits
 v - a meat ration


   Skills:
 + Level 2.9 Fighting
 + Level 5.5 Polearms
 - Level 2.0 Throwing
 + Level 0.8 Armour
 + Level 4.9 Dodging


You had 3 spell levels left.
You didn't know any spells.

Dungeon Overview and Level Annotations

Branches:
Dungeon (3/15)

Altars:
Pakellas


Message History

You completely miss the orc wizard.
The orc wizard is lightly wounded.
The orc wizard hits you with a dagger.
You take 2 damage, and have 14/34 hp.
You closely miss the orc wizard.
The orc wizard is lightly wounded.
The orc wizard points at you and mumbles some strange words.
The magic dart hits you!
* * * LOW HITPOINT WARNING * * *
You take 5 damage, and have 9/34 hp.
You are too injured to fight recklessly!
You closely miss the orc wizard.
The orc wizard is lightly wounded.
The orc wizard casts a spell at you. The puff of flame misses you.
You hit the orc wizard.
The orc wizard is moderately wounded.
The orc priest invokes the aid of Beogh against you.
Beogh smites you!
You die...

#.......# #.# #.#######
##.########. #.####
####..........#
#.<..##..........###.
......#.##..###..########
####### ##.#......[.....
###.###########
#.#####...# #...@oo.#
#########


You could see an orc priest and an orc wizard.

Vanquished Creatures
  2 adders (D:2)
  An ooze (D:1)
  A worm (D:2)
  2 dart slugs (D:1)
  2 giant geckos (D:1)
  An orc (D:3)
  2 ball pythons
  3 goblins
  9 hobgoblins
  3 jackals (D:2)
  A quokka (D:2)
  2 bats (D:1)
  5 giant newts
  5 kobolds
  3 rats
42 creatures vanquished.

Vanquished Creatures (others)
  A troll (D:2)
1 creature vanquished.

Grand Total: 43 creatures vanquished

Notes
Turn   | Place    | Note
-------+----------+-------------------------------------------
     0 | D:1      | mistymad the Merfolk Gladiator began the quest for the Orb.
     0 | D:1      | Reached XP level 1. HP: 16/16 MP: 1/1
    40 | D:1      | Reached XP level 2. HP: 21/23 MP: 2/2
   375 | D:1      | Reached XP level 3. HP: 28/28 MP: 3/3
   463 | D:1      | Reached skill level 5 in Polearms
  1002 | D:2      | Found an oddly glowing altar of Pakellas.
  1002 | D:2      | Noticed a troll
  1012 | D:2      | Killed a troll
  1020 | D:2      | Noticed an electric golem
  1163 | D:2      | Reached XP level 4. HP: 34/34 MP: 4/4
  1607 | D:3      | Killed from afar by an orc priest

Vault maps used:
D:1:      minmay_arrival_checkered_box
D:2:      gammafunk_pakellas_its_alive
D:3:      first_bread, minmay_misc_feat_ornament, minmay_misc_feat_alley,
          uniq_jessica, uniq_natasha

Skill      XL: |  1  2  3 |
---------------+----------+-----
Polearms       | 5 |  5.5
Fighting       | |  2.9
Throwing       | |  2.0
Armour         | |  0.8
Dodging        | |  4.9

Action                   |  1- 3 |  4- 6 || total
-------------------------+-------+-------++-------
Melee: Trident           |   110 |    31 ||   141
  Use: Scroll            |     5 |       ||     5
 Stab: Sleeping          |     1 |     1 ||     2
  Eat: Chunk             |     1 |       ||     1
Armor: Leather armour    |    21 |     3 ||    24
Dodge: Dodged            |    67 |    15 ||    82
